cohdb
Replays
Latest Replays
All Replays
Popular Replays
Top Player Replays
Match Explorer
How It Works
Community
CoH3 Stats
Reddit
Sign in to upload your games and track your stats! →
Sign in with Steam
Match 42256888
Unlisted
Match 42256888
Overview
Messages
Build Orders
End
Royal Engineer Section
Construct Section Command Post
Selects Heavy Armor Battlegroup
Dingo Light Scout Car
Infantry Section
Infantry Section
Infantry Section
Construct Platoon Command Post
Selects Rigorous Vehicle Training
Selects Light Vehicle Withdraw and Refit
Unlock M3 Stuart Light Tanks
Infantry Section
Selects Rigorous Vehicle Training
M3 Stuart Light Tank
Nenn mich Alex
Nubbl0r
0
0
Comments
sign in to comment!
No comments posted yet!